[Event "Live Chess"]
[Site "Chess.com"]
[Date "2024.06.01"]
[Round "-"]
[White "LL220284LL"]
[Black "FMOlexandrProhorov"]
[Result "1-0"]
[WhiteElo "2550"]
[BlackElo "2356"]
[TimeControl "300"]
[EndTime "13:20:52 PDT"]
[Termination "LL220284LL won by resignation"]

1. b3 b6 2. Bb2 Bb7 3. e3 a5 4.
Nf3 a4 5. bxa4 Rxa4 6. Be2 Nf6 7.
O-O g6 8. c4 Bg7 9. Qxa4 O-O 10.
Nc3 Nc6 11. d4 d5 12. cxd5 Nxd5 13. Nxd5 Qxd5 14. Qb3 Qh5 15. Qd1 Qf5 16. Bd3 Qd5 17. Rc1 Rd8 18. Bc4 Qf5 19. e4 Qxe4 20. Ng5 Qf4 21.
Nxf7 Kf8 22. Nxd8 Nxd8 23. Rc2 Nf7 24. d5 Ne5 25. Re1 Nxc4 26. Bxg7+ Kxg7 27. Rxe7+ Kh6 28. Qc1 Qxc1+ 29. Rxc1 Bxd5 30. Rxc7 Ne5 31. h3 Bxa2 32. Rb7 Bd5 33. Rxb6 Nd3 34. Rd1 Bc4 35. Rd6 Nf4 36. Kh2 Ne6 37. Rc6 Ba2 38. Rd2 Bb3 39. Rc3 Ba4 40.
Rb2 Kg7 41. Rb4 Be8 42. Re3 Kf6 43. Rb6 Bd7 44. Kg3 h6 45. f4 g5 46. fxg5+ hxg5 47. Kg4 Bc8 48. Rbxe6+ Bxe6+ 49. Rxe6+ Kxe6 50. Kxg5 1-0

[Event "Live Chess"]
[Site "Chess.com"]
[Date "2024.06.01"]
[Round "-"]
[White "ShanthamGrarks"]
[Black "Duke_of_Bebington"]
[Result "1/2-1/2"]
[WhiteElo "1811"]
[BlackElo "1614"]
[TimeControl "300"]
[EndTime "13:20:57 PDT"]
[Termination "Game drawn by agreement"]

1. d4 Nf6 2. Nc3 d5 3. Bf4 c6 4. Nf3 Bf5 5. e3 e6 6. Nh4 Bg6 7. Nxg6 hxg6 8. Bd3 Bd6 9. Bg5 Nbd7 10. h4 Qb6 11. Na4 Qc7 12. Qe2 Nb6 13. Nxb6 axb6 14. a3 Ne4 15. Bxe4 dxe4 16. h5 f6 17. Bf4 Bxf4 18.
exf4 Qxf4 19. g3 Qf5 20. g4 Qd5 21. O-O-O b5 22. hxg6 Rxh1 23. Rxh1 Ke7 24. Rh7 Rg8 25. Qd2 Qg5 26. Qxg5 fxg5 27. Kd2 Kf6 28. Ke3 Kxg6 29. Rh1 Rf8 30. Rh3 Rf4 31. Rg3 Kf6 32. c3 e5 33. Rg2 Rf3+ 34. Kxe4 Rf4+ 35. Ke3 exd4+ 36. cxd4 Ke6 37. f3 Kd5 38. Rd2 Rf6 39. Rf2 Re6+ 40.
Kd3 Rf6 41. b3 Rf4 42. Kc3 Rxd4 43. Re2 Rf4 44. Re7 Rxf3+ 45. Kc2 Rg3 46. Rxb7 Rxg4 47. Rxg7 Rg2+ 48. Kc3 Rg3+ 49. Kc2 g4 50. Rd7+ Kc5 51. Rd2 Kb6 52. Rd4 Kc7 53. a4 bxa4 54. bxa4 Kb6 55.
Kd2 Ka5 56. Rc4 Kb6 57. Ke2 c5 58. Kf2 Ra3 59. Rxg4 Ka5 60. Rc4 Rxa4 61. Rxc5+ Kb4 62. Rc7 1/2-1/2

[Event "Live Chess"]
[Site "Chess.com"]
[Date "2024.06.01"]
[Round "-"]
[White "imchessive"]
[Black "agamilewska"]
[Result "0-1"]
[WhiteElo "1593"]
[BlackElo "1771"]
[TimeControl "300"]
[EndTime "13:21:04 PDT"]
[Termination "agamilewska won by checkmate"]

1. d4 d5 2. c4 Nf6 3. Nf3 e6 4. g3 c5 5. Bg2 Nc6 6. cxd5 Nxd5 7. Nc3 cxd4 8. Nxd4 Nxd4 9. Qxd4 Nxc3 10. Qxd8+ Kxd8 11. bxc3 Bc5 12. Bf4 f6 13. Rd1+ Ke7 14. Bc7 Bb6 15. Bxb6 axb6 16. Rd2 Rd8 17. Rb2 Rd6 18. O-O e5 19.
Rfb1 Bf5 20. e4 Bd7 21. f4 exf4 22. gxf4 Rd3 23. e5 fxe5 24. fxe5 Bc6 25. Bxc6 bxc6 26. Rxb6 Rxc3 27. R1b2 Ke6 28. Rb7 Rg8 29. a4 Ra3 30.
Ra7 h6 31. Rb6 Kxe5 32. Rxc6 Rb8 33. Rc1 g5 34. a5 Rb5 35. a6 Rb6 36. Re7+ Kf6 37.
Rh7 Kg6 38. Rcc7 Rbxa6 39. Rhg7+ Kh5 40. Rc2 Ra1+ 41. Kg2 R1a2 42. Rc7 Rxc2+ 43. Rxc2 Ra3 44. Rc4 g4 45. Kf2 Kh4 46. Kg2 h5 47. Rc2 Rb3 48.
Rd2 Rf3 49. Re2 Rf5 50. Re3 Kg5 51. Rd3 h4 52. h3 g3 53. Rd4 Rf2+ 54. Kg1 Ra2 55.
Rg4+ Kh5 56. Kf1 Rh2 57. Kg1 Rxh3 58. Rd4 Rh2 59. Rd5+ Kg4 60. Rd4+ Kh3 61. Rf4 Ra2 62. Rf1 Kg4 63. Rd1 Rf2 64. Rd4+ Rf4 65. Rd1 h3 66. Re1 h2+ 67. Kg2 Rf2+ 68. Kh1 Kf3 69. Rc1 Re2 70. Rc3+ Re3 71. Rc1 Kf2 72. Rc2+ Re2 73. Rc3 g2+ 74. Kxh2 g1=Q+ 75. Kh3 Re3+ 76. Rxe3 Kxe3 77. Kh4 Qg6 78. Kh3 Kf3 79. Kh2 Qg2# 0-1

[Event "Live Chess"]
[Site "Chess.com"]
[Date "2024.06.01"]
[Round "-"]
[White "nigelst"]
[Black "Ferrarifan27"]
[Result "0-1"]
[WhiteElo "1659"]
[BlackElo "2070"]
[TimeControl "300"]
[EndTime "13:21:10 PDT"]
[Termination "Ferrarifan27 won by resignation"]

1. e4 e5 2. Nf3 Nc6 3. Bb5 a6 4. Bxc6 dxc6 5. O-O Bg4 6. h3 h5 7. d3 Qf6 8. Be3 Ne7 9. Nbd2 Ng6 10. c3 Nf4 11. Bxf4 Qxf4 12. Qb3 O-O-O 13. Rfe1 Rxd3 14. Qc2 Rd8 15. b4 Be6 16. a4 g5 17. Nb3 g4 18.
hxg4 hxg4 0-1

[Event "Live Chess"]
[Site "Chess.com"]
[Date "2024.06.01"]
[Round "-"]
[White "defenderalist"]
[Black "nitrofish07"]
[Result "1/2-1/2"]
[WhiteElo "1529"]
[BlackElo "2095"]
[TimeControl "300"]
[EndTime "13:21:11 PDT"]
[Termination "Game drawn by repetition"]

1. e4 c5 2. f4 d5 3. exd5 Qxd5 4. Nf3 Bg4 5. Be2 Nc6 6. O-O Nf6 7. c4 Qd8 8. h3 Bxf3 9. Bxf3 e6 10. Bxc6+ bxc6 11. Qf3 Qb6 12. Nc3 Be7 13. f5 exf5 14. Qxf5 O-O 15. d3 Rfd8 16. Bg5 Qxb2 17. Ne4 Rxd3 18.
Nxf6+ Bxf6 19. Bxf6 Qe2 20. Bxg7 Kxg7 21. Qxf7+ Kh8 22.
Qf6+ Kg8 23. Qf7+ Kh8 24. Qf6+ Kg8 25. Qf7+ Kh8 1/2-1/2

[Event "Live Chess"]
[Site "Chess.com"]
[Date "2024.06.01"]
[Round "-"]
[White "Dhaydon19"]
[Black "vincents82"]
[Result "1-0"]
[WhiteElo "2667"]
[BlackElo "2098"]
[TimeControl "300"]
[EndTime "13:21:13 PDT"]
[Termination "Dhaydon19 won by resignation"]

1. d4 d5 2. Nf3 Nf6 3. c3 Bf5 4. g3 c6 5. Bg2 e6 6. Nbd2 Nbd7 7. O-O Ne4 8. Re1 h6 9. Nh4 Bh7 10. Nhf3 Be7 11. Nxe4 Bxe4 12. Nd2 Bxg2 13. Kxg2 Nf6 14. Qb3 Qb6 15. Qa4 O-O 16. Nf3 c5 17. e3 Ne4 18. Ne5 Rfd8 19. f3 Nf6 20. Qb3 Bd6 21. Qxb6 axb6 22. Nd3 c4 23. Nb4 Bxb4 24. cxb4 b5 25.
Bd2 Nd7 26. a3 Nb6 27. Rac1 Na4 28. Rc2 Rac8 29. Rec1 Rc6 30. Be1 Rdc8 31. e4 Kf8 32. Kf2 Ke7 33. Ke3 Kd7 34. g4 Nb6 35. Bg3 Na4 36. h4 c3 37. b3 Nb6 38. Kd3 Ra8 39. Ra2 Nc8 40. Rxc3 Rca6 41. Rc7+ Ke8 42.
Rxb7 Rxa3 43. Rxa3 Rxa3 44. Kc3 Ra7 45. Rxb5 Kd7 46.
exd5 exd5 47. Rxd5+ Ke6 48. Re5+ Kd7 49. Rd5+ Ke6 50.
Rc5 Nb6 51. Rc6+ 1-0

[Event "Live Chess"]
[Site "Chess.com"]
[Date "2024.06.01"]
[Round "-"]
[White "matt1979"]
[Black "Sweet-O"]
[Result "0-1"]
[WhiteElo "1382"]
[BlackElo "1555"]
[TimeControl "300"]
[EndTime "13:21:23 PDT"]
[Termination "Sweet-O won on time"]

1. f4 e5 2. fxe5 Qe7 3. Nf3 g5 4. g3 g4 5. Nh4 Qxe5 6. d4 Qd6 7. Bg2 Be7 8. Nf5 Qf6 9. Nxe7 Nxe7 10. Rf1 Qb6 11.
c3 d6 12. Bg5 Nbc6 13. Qd2 Be6 14. d5 Nxd5 15. Bxd5 Bxd5 16. Qxd5 Ne5 17. Bf6 Qxb2 18. Bxe5 O-O-O 19. Bxh8 Re8 20. Qd2 Qxa1 21. Bd4 Qxb1+ 22. Kf2 Qf5+ 23. Kg1 Qe6 24. e3 f5 25. Rf4 c5 26. Bg7 Rg8 27. e4 fxe4 28. Bh6 e3 29.
Qd3 e2 30. Re4 e1=Q+ 31. Rxe1 Qxe1+ 32. Kg2 Qe8 33. Qxd6 Qc6+ 34. Qxc6+ bxc6 35. Bf4 Rd8 0-1

[Event "Live Chess"]
[Site "Chess.com"]
[Date "2024.06.01"]
[Round "-"]
[White "missedJariChance"]
[Black "MagnersCarlsberg2870"]
[Result "0-1"]
[WhiteElo "1341"]
[BlackElo "1799"]
[TimeControl "300"]
[EndTime "13:21:35 PDT"]
[Termination "MagnersCarlsberg2870 won by checkmate"]

1. b3 e5 2. Nf3 Nc6 3. Bb2 e4 4. Nd4 Nf6 5. e3 Bc5 6. Nxc6 dxc6 7. Bc4 Bf5 8. O-O h5 9. d3 Qe7 10. dxe4 Nxe4 11. Bd3 h4 12. Nd2 Nxd2 13. Qxd2 Bxd3 14. cxd3 h3 15. gxh3 Qg5+ 16. Kh1 Rxh3 17. Rg1 Qh5 18. Rg2 O-O-O 19. Rag1 g6 20. Bf6 Rd5 21.
d4 Bd6 22. f4 Qf3 23. Be5 f6 24. Bxd6 Rxh2+ 25. Kxh2 Rh5# 0-1

[Event "Live Chess"]
[Site "Chess.com"]
[Date "2024.06.01"]
[Round "-"]
[White "chessfiction"]
[Black "JohanKjeldahl"]
[Result "0-1"]
[WhiteElo "2380"]
[BlackElo "1856"]
[TimeControl "300"]
[EndTime "13:21:42 PDT"]
[Termination "JohanKjeldahl won by resignation"]

1. e4 c5 2. d4 cxd4 3. c3 dxc3 4. Nxc3 e6 5. Nf3 Nc6 6. Bc4 a6 7. Bf4 b5 8. Bd5 Bb7 9. O-O Nf6 10. Re1 Be7 11.
Rc1 O-O 12. Nd4 exd5 13. exd5 Nxd4 14. Qxd4 d6 15. Re3 Rc8 16. h4 Rc4 17. Qd2 Rxf4 18. Rxe7 Qxe7 19. Qxf4 Nxd5 20. Nxd5 Bxd5 21. Rd1 Bxa2 22.
Rxd6 Bc4 23. Rxa6 h6 24. g4 Rd8 25. g5 Rd1+ 26. Kh2 hxg5 27. hxg5 Bd5 28. Rb6 Qe4 29. Qxe4 Bxe4 30. Rxb5 Kh7 31. Kg3 Kg6 32. f4 Rd3+ 33. Kf2 Rf3+ 34. Ke2 Rxf4 35. Ke3 Rg4 36. b4 Bf5 37.
Rb7 Rxg5 38. b5 Rg3+ 39. Kf4 Rb3 40. b6 Bh3 41. Rb8 Bg2 42. Ke5 f6+ 43. Ke6 Kg5 44.
Kf7 g6 45. Kg7 Be4 46. Kf7 f5 47. Ke6 f4 48. Ke5 Rb4 49. Rf8 f3 50. Rf6 Bf5 51. Rd6 f2 52. Rd1 Rxb6 53. Rf1 Rb2 54. Kd4 Bh3 0-1

[Event "Live Chess"]
[Site "Chess.com"]
[Date "2024.06.01"]
[Round "-"]
[White "lateforthesky"]
[Black "bonantagulo"]
[Result "1-0"]
[WhiteElo "2154"]
[BlackElo "2069"]
[TimeControl "300"]
[EndTime "13:21:58 PDT"]
[Termination "lateforthesky won by resignation"]

1. e4 c5 2. Nf3 e6 3. c3 Nf6 4. e5 Nd5 5. d4 cxd4 6. cxd4 d6 7. Bc4 Nc6 8. O-O Be7 9. Qe2 O-O 10.
a3 dxe5 11. dxe5 Qc7 12. Bd2 Rd8 13. Nc3 Nxc3 14. Bxc3 b6 15. Rac1 Bb7 16. Ba2 Rac8 17. h4 Bf8 18. Bb1 Ne7 19. h5 Nd5 20. Bd2 Qb8 21. h6 g6 22. Bg5 Rxc1 23. Rxc1 Rc8 24. Re1 Qc7 25. Nh2 Qc4 26. Qf3 Rc7 27. Be4 Ba6 28. Ng4 Ne7 29. Nf6+ Kh8 30. Ne8 Nf5 31. Nxc7 Qxc7 32. Bxf5 gxf5 33. Bf6+ Kg8 34. Qg3+ 1-0

[Event "Live Chess"]
[Site "Chess.com"]
[Date "2024.06.01"]
[Round "-"]
[White "blunderabit"]
[Black "IanCalvert2"]
[Result "0-1"]
[WhiteElo "1791"]
[BlackElo "1590"]
[TimeControl "300"]
[EndTime "13:22:03 PDT"]
[Termination "IanCalvert2 won on time"]

1. e4 d5 2. exd5 Qxd5 3. Nc3 Qd6 4. d4 Nf6 5. Nf3 a6 6. Ne5 Nc6 7. Nc4 Qxd4 8. Be3 Qxd1+ 9. Rxd1 Bf5 10. Rd2 e6 11.
Be2 Bb4 12. Bf3 O-O 13. Bxc6 bxc6 14. Bd4 Ne4 15. Nxe4 Bxd2+ 16. Ncxd2 Bxe4 17. Nxe4 Rfd8 18. Bc3 f5 19. Nd2 Rd5 20. Nf3 Rad8 21. O-O Rd1 22.
g3 h6 23. Be5 R8d7 24. Kg2 g5 25. h3 Rxf1 26. Kxf1 Kf7 27. Ke2 c5 28. Bc3 Rd5 29.
Ne5+ Ke7 30. g4 f4 31. Nf3 Kd6 32. Bg7 e5 33. Bxh6 e4 34. Nxg5 Ke5 35. h4 Rd4 36. Nh3 e3 37. Bg7+ Ke4 38. f3+ Kd5 39. Bxd4 cxd4 40. Nxf4+ Ke5 41. Nd3+ Kf6 0-1

[Event "Live Chess"]
[Site "Chess.com"]
[Date "2024.06.01"]
[Round "-"]
[White "CCGoodKnightRookie"]
[Black "Grace6363"]
[Result "1-0"]
[WhiteElo "2248"]
[BlackElo "1149"]
[TimeControl "300"]
[EndTime "13:22:04 PDT"]
[Termination "CCGoodKnightRookie won on time"]

1. d4 Nf6 2. Nc3 g6 3. e4 d6 4. h3 h5 5. f4 Nc6 6. e5 dxe5 7.
fxe5 Ng8 8. Nf3 Bf5 9. Bb5 a6 10. Bxc6+ bxc6 11. O-O e6 12. Bg5 Be7 13. Bxe7 Qxe7 14.
Ne2 Nh6 15. c3 g5 16. Qa4 Kd7 17. Ng3 Bg6 18. Rad1 h4 19. d5 Qc5+ 20. Nd4 hxg3 21. dxe6+ fxe6 22. Kh1 Kc8 23. Nxe6 Qb5 24. Qd4 Qd5 25.
Qxd5 cxd5 26. Rxd5 Ng4 27. Rc5 Nf2+ 28. Kg1 Ra7 29.
Nxg5 Bd3 30. Re1 Re8 31. e6 Bg6 32. e7 Nd3 33. Rce5 Nxe1 34. Rxe1 c6 35. Nf3 Raxe7 36. Rd1 Bh5 37. Kf1 Bxf3 38. gxf3 Re3 39. Kg2 Rf8 40. Rf1 Re2+ 41. Kxg3 Rxb2 42. h4 Re2 43. h5 Rg8+ 44.
Kf4 Re7 45. Rd1 Rh7 46. Rd6 Rxh5 47. Rxc6+ Kd7 48. Rxa6 Rf8+ 49. Ke3 Rc5 50. Kd4 Rfc8 51. Ra3 Rc4+ 52. Kd3 R8c5 53. Ra7+ Kd6 54. Ra3 Ke5 55. Kc2 Kf4 56. Ra8 Kxf3 57. Kd1 Rxc3 58. Kd2 Rc2+ 59. Kd3 R5c3+ 60. Kd4 Rc4+ 61. Kd5 R2c3 62. Rf8+ Ke2 63. Re8+ Kd3 64. Rh8 Kd2 65. Kd6 Kc2 66. Rh7 1-0

[Event "Live Chess"]
[Site "Chess.com"]
[Date "2024.06.01"]
[Round "-"]
[White "KeithArkell"]
[Black "chessgoatpawel"]
[Result "1/2-1/2"]
[WhiteElo "2451"]
[BlackElo "2036"]
[TimeControl "300"]
[EndTime "13:22:17 PDT"]
[Termination "Game drawn by repetition"]

1. d4 Nf6 2. Nf3 g6 3. c4 Bg7 4. g3 O-O 5. Bg2 d5 6. cxd5 Nxd5 7. Nc3 c6 8. O-O Nd7 9. e4 Nxc3 10. bxc3 e5 11. Be3 exd4 12. cxd4 Re8 13. Qc2 Qe7 14. e5 Nb6 15. Bg5 f6 16. exf6 Bxf6 17. Bxf6 Qxf6 18. Rfe1 Bg4 19. Qb3+ Kh8 20. Ne5 Be6 21. Qa3 Rf8 22. f4 Qd8 23. Rad1 Bd5 24. Rd2 Bxg2 25. Kxg2 Qd5+ 26.
Kg1 Nc4 27. Nxc4 Qxc4 28. Qb3 Qxb3 29. axb3 Kg7 30. d5 Rad8 31. Red1 cxd5 32. Rxd5 Rxd5 33. Rxd5 Rf7 34. Kf2 Rc7 35. b4 a6 36. Ke3 Kf6 37. h4 Ke6 38. Re5+ Kf6 39. h5 Rc3+ 40.
Kf2 Rc2+ 41. Kf3 Rc3+ 42. Kg4 Rc4 43. b5 Ra4 44. bxa6 bxa6 45. Rc5 Ra1 46. Rc7 gxh5+ 47. Kxh5 Rh1+ 48. Kg4 h5+ 49. Kf3 Ra1 50. Rc5 Kg6 51.
Rg5+ Kh6 52. Kg2 a5 53. Rb5 Kg6 54. Rb6+ Kg7 55. Ra6 a4 56. Kh3 Rh1+ 57. Kg2 Ra1 58. f5 a3 59. Kh3 Rh1+ 60. Kg2 Ra1 61. Rg6+ Kf7 62. Ra6 a2 63. Kh2 Kg7 64. Rg6+ Kf7 65.
Ra6 Kg7 66. Kg2 Kf7 67. Kh2 1/2-1/2

[Event "Live Chess"]
[Site "Chess.com"]
[Date "2024.06.01"]
[Round "-"]
[White "Brooms1989"]
[Black "ACM42"]
[Result "0-1"]
[WhiteElo "1110"]
[BlackElo "2169"]
[TimeControl "300"]
[EndTime "13:22:45 PDT"]
[Termination "ACM42 won by resignation"]

1. e4 e6 2. d4 d5 3. Bd3 Nf6 4. e5 Nfd7 5. f4 c5 6. Nf3 Nc6 7. c3 Qb6 8. O-O cxd4 9. cxd4 Nxd4 10. Nxd4 Qxd4+ 11. Kh1 Bc5 12. Nc3 a6 13. Qf3 O-O 14. Qh3 g6 15. Ne2 Qa4 16. b3 Qa5 17. g4 b5 18. f5 exf5 19. gxf5 Nxe5 20. fxg6 Bxh3 0-1

[Event "Live Chess"]
[Site "Chess.com"]
[Date "2024.06.01"]
[Round "-"]
[White "sebmoran1"]
[Black "MaksymYurii"]
[Result "0-1"]
[WhiteElo "1412"]
[BlackElo "947"]
[TimeControl "300"]
[EndTime "13:22:54 PDT"]
[Termination "MaksymYurii won by checkmate"]

1. e4 e5 2. Bc4 Nc6 3. d3 Nf6 4. f4 Bd6 5. f5 a5 6. g4 h6 7. Nf3 Nxg4 8. Nc3 Nd4 9. Nxd4 Qh4+ 10. Ke2 Qf2# 0-1

[Event "Live Chess"]
[Site "Chess.com"]
[Date "2024.06.01"]
[Round "-"]
[White "alicechristina"]
[Black "FlyingChessKestrel13"]
[Result "1-0"]
[WhiteElo "1921"]
[BlackElo "2062"]
[TimeControl "300"]
[EndTime "13:23:04 PDT"]
[Termination "alicechristina won by resignation"]

1. c4 c5 2. Nc3 Nc6 3. g3 e6 4. Bg2 g6 5. e4 Bg7 6. Nge2 Nd4 7. O-O Ne7 8. Nxd4 cxd4 9. Ne2 Nc6 10. d3 O-O 11. a3 f5 12. b4 fxe4 13. Bxe4 d5 14.
cxd5 exd5 15. Bg2 Be6 16. Nf4 Bf7 17. Bb2 Ne7 18. Rc1 Qd7 19. Ne2 Nf5 20. g4 Nh4 21. h3 h5 22. Nxd4 Nxg2 23. Kxg2 hxg4 24. Qxg4 Qxg4+ 25.
hxg4 Rac8 26. Ba1 Rxc1 27. Rxc1 Re8 28. Kf3 Rf8 29. Kg3 Be5+ 30. Kg2 g5 31. Nf3 Bf4 32.
Rh1 Be6 33. Rh8+ Kf7 34. Rh7+ Ke8 35. Rxb7 Bxg4 36. Nd4 Rf7 37. Rxf7 Kxf7 38. Nc6 Be2 39. Nxa7 Bxd3 40. Nc6 Bb5 41. Nd4 Bd7 42. b5 Be5 43. a4 Ke8 44. b6 Kd8 45. a5 Kc8 46. a6 Bxd4 47. Bxd4 Bb5 48. b7+ Kb8 49. Be5+ 1-0

[Event "Live Chess"]
[Site "Chess.com"]
[Date "2024.06.01"]
[Round "-"]
[White "booktrunk"]
[Black "Kyrylo7770"]
[Result "1-0"]
[WhiteElo "1397"]
[BlackElo "1642"]
[TimeControl "300"]
[EndTime "13:23:10 PDT"]
[Termination "booktrunk won by checkmate"]

1. d4 d5 2. Nc3 Bg4 3. Bf4 Nf6 4.
Nb5 Na6 5. f3 Bh5 6. e3 e6 7. h4 Bd6 8. g4 Bxf4 9. exf4 Bg6 10. h5 Bxc2 11. Qxc2 c6 12. Nc3 Qd6 13. Bxa6 bxa6 14.
Qd2 O-O 15. Nge2 Rab8 16. Rb1 h6 17. Qe3 c5 18. dxc5 Qd7 19. g5 hxg5 20. fxg5 Nh7 21. g6 fxg6 22. hxg6 Nf6 23. Qg5 Rfe8 24. Qh5 Kf8 25.
Qh8+ Ke7 26. Qxg7+ Kd8 27. Qxf6+ Kc7 28. Rh7 Qxh7 29.
gxh7 Rf8 30. Qg7+ Kc6 31. Rd1 Kxc5 32. Rd4 Rh8 33. Rh4 d4 34. Ne4+ Kc4 35. Nd6+ Kd3 36. Nf7 e5 37. Nxh8 Rxb2 38. Nf7 Rb1+ 39. Kf2 Rb2 40.
Qg6+ Kd2 41. Nxe5 Kd1 42. Rh1+ Kd2 43. Qg5+ Kc2 44. Rc1# 1-0

[Event "Live Chess"]
[Site "Chess.com"]
[Date "2024.06.01"]
[Round "-"]
[White "Stanbad1"]
[Black "grillage"]
[Result "1-0"]
[WhiteElo "2652"]
[BlackElo "1873"]
[TimeControl "300"]
[EndTime "13:23:20 PDT"]
[Termination "Stanbad1 won by resignation"]

1. d4 e6 2. Nc3 c5 3. d5 exd5 4. Nxd5 d6 5. e4 Nf6 6. Bc4 Nbd7 7. Nf3 Be7 8. O-O O-O 9. Bf4 Nb6 10. Nxe7+ Qxe7 11. Bxd6 Qxe4 12. Bd3 Qd5 13. Bxf8 Kxf8 14.
b3 Bg4 15. h3 Bh5 16. Be2 Qc6 17. Ne5 Bxe2 18. Qxe2 Qe6 19. Rfe1 Re8 20. Rad1 Qf5 21. Rd3 g6 22. Rf3 Qg5 23. Rxf6 Qxf6 24. Nd7+ Nxd7 25.
Qxe8+ Kg7 26. Qxd7 1-0

[Event "Live Chess"]
[Site "Chess.com"]
[Date "2024.06.01"]
[Round "-"]
[White "dhairyapandyauk"]
[Black "Silverback7829"]
[Result "1-0"]
[WhiteElo "1658"]
[BlackElo "980"]
[TimeControl "300"]
[EndTime "13:23:38 PDT"]
[Termination "dhairyapandyauk won by checkmate"]

1. e4 e5 2. Nf3 Nc6 3. c3 Nf6 4. d4 d6 5. dxe5 dxe5 6. Qxd8+ Nxd8 7. Nxe5 Nxe4 8. Bd3 Nc6 9. Nxc6 bxc6 10. Bxe4 Bd6 11.
Bxc6+ Kd8 12. Bxa8 Re8+ 13. Kd1 Bg4+ 14. Bf3 Bxf3+ 15. gxf3 f6 16. Be3 Be5 17. Nd2 Kc8 18. Kc2 Rd8 19. Rhe1 h6 20. Rad1 c6 21. Nc4 Bxh2 22.
Rxd8+ Kxd8 23. Bxa7 Bf4 24. b4 Kc7 25. a4 Kb7 26.
Re7+ Bc7 27. Bb6 Kc8 28. Rxc7+ Kb8 29. a5 g5 30. a6 h5 31. a7+ Ka8 32. Rc8+ Kb7 33.
a8=Q# 1-0

[Event "Live Chess"]
[Site "Chess.com"]
[Date "2024.06.01"]
[Round "-"]
[White "WelshTiger"]
[Black "GEMdzq"]
[Result "0-1"]
[WhiteElo "2536"]
[BlackElo "2287"]
[TimeControl "300"]
[EndTime "13:23:49 PDT"]
[Termination "GEMdzq won by checkmate"]

1. e4 Nf6 2. Nc3 d6 3. Nf3 g6 4.
h3 Bg7 5. d4 O-O 6. Be3 c6 7.
a4 Na6 8. Be2 c5 9. d5 e6 10.
dxe6 Bxe6 11. O-O Rc8 12. Qd2 d5 13. exd5 Nxd5 14. Nxd5 Qxd5 15. Qxd5 Bxd5 16. Rad1 Be4 17. c3 Bc2 18. Rd7 Rc7 19. Rxc7 Nxc7 20. Bxc5 Re8 21.
Bc4 b6 22. Bd6 Rc8 23. a5 Ne8 24. Be5 Rxc4 25. axb6 axb6 26. Ra1 Bxe5 27. Nxe5 Re4 28. Nd7 b5 29. Ra8 Re1+ 30. Kh2 Kg7 31. Rb8 Nd6 32. Rb6 Ne4 33. f3 Nd2 34. Rxb5 Re2 35. Kg3 Nf1+ 36. Kf4 Ba4 37. Rd5 Bxd7 38. Rxd7 Rxb2 39. c4 Rxg2 40. Rd1 Nd2 41. c5 Nb3 42. c6 Rc2 43. Rd6 Na5 44.
c7 Rxc7 45. h4 h5 46. Ra6 Nc6 47. Rb6 Nd8 48. Kg3 Ne6 49. Ra6 Rc1 50. Ra4 Rg1+ 51.
Kf2 Rd1 52. Kg2 Rd4 53. Ra5 Rxh4 54. Kg3 Rb4 55. Rd5 Kf6 56. Ra5 g5 57. Ra6 Rb3 58. Kg2 Kf5 59. Ra5+ Kg6 60. Kg3 h4+ 61. Kg2 Nf4+ 62.
Kh2 Rb2+ 63. Kh1 Rf2 64. Ra3 h3 65. Rb3 f6 66. Ra3 Nh5 67. f4 Nxf4 68. Rg3 Kh5 69.
Ra3 Kh4 70. Rb3 Rc2 71. Ra3 g4 72. Rb3 Rc1+ 73. Kh2 Rc2+ 74. Kh1 g3 75. Rb1 h2 76.
Ra1 Kh3 77. Ra3 Rc1# 0-1

[Event "Live Chess"]
[Site "Chess.com"]
[Date "2024.06.01"]
[Round "-"]
[White "JanMur7"]
[Black "AlexanderMatlak"]
[Result "1-0"]
[WhiteElo "2324"]
[BlackElo "2474"]
[TimeControl "300"]
[EndTime "13:24:05 PDT"]
[Termination "JanMur7 won by resignation"]

1. c4 Nf6 2. Nc3 b6 3. g3 Bb7 4.
Nf3 c5 5. Bg2 e6 6. O-O Be7 7.
d4 cxd4 8. Nxd4 Bxg2 9. Kxg2 a6 10. e4 Qc7 11. b3 b5 12. Qd3 bxc4 13. Qxc4 Qxc4 14.
bxc4 O-O 15. Rb1 Rc8 16. Na4 Bd8 17. c5 Nxe4 18. Nb6 Bxb6 19. cxb6 Rc4 20. b7 Ra7 21. Be3 Rc7 22. Nxe6 Rcxb7 23. Bxa7 Rxb1 24. Rxb1 Nc6 25. Nd4 1-0

[Event "Live Chess"]
[Site "Chess.com"]
[Date "2024.06.01"]
[Round "-"]
[White "Cruiseylee78"]
[Black "GoldsmanB"]
[Result "1-0"]
[WhiteElo "1681"]
[BlackElo "1083"]
[TimeControl "300"]
[EndTime "13:25:01 PDT"]
[Termination "Cruiseylee78 won by resignation"]

1. d4 e6 2. Bf4 d5 3. e3 Bd6 4. Bg3 c5 5. Nf3 Nc6 6. c3 Nge7 7. Bd3 c4 8. Be2 Qb6 9. Qc2 Bd7 10. Nbd2 Bxg3 11. hxg3 Nf5 12. g4 Nfe7 13. Ne5 Nxe5 14. dxe5 Qc7 15. Nf3 O-O-O 16. b4 cxb3 17. axb3 Nc6 18.
Bb5 Nxe5 19. Nxe5 Qxe5 20. Bxd7+ Rxd7 21. Rxa7 Rc7 22. Ra8+ Kd7 23. Rxh8 Rxc3 24. Qd2 g6 25. R8xh7 Qc7 26. Rxf7+ Kc8 27. Rxc7+ 1-0

[Event "Live Chess"]
[Site "Chess.com"]
[Date "2024.06.01"]
[Round "-"]
[White "ProfPoisson"]
[Black "Queensandpawns"]
[Result "0-1"]
[WhiteElo "1293"]
[BlackElo "2368"]
[TimeControl "300"]
[EndTime "13:25:15 PDT"]
[Termination "Queensandpawns won on time"]

1. e4 d5 2. exd5 c6 3. Nf3 c5 4. Bb5+ Bd7 5. Bxd7+ Nxd7 6. O-O Ngf6 7. Nc3 g6 8. d3 Bg7 9. d6 O-O 10. dxe7 Qxe7 11.
Re1 Qd6 12. Nb5 Qc6 13. a4 Rfe8 14. Rxe8+ Rxe8 15. Nxa7 Qe6 16. Bg5 Nd5 17. c4 Nb4 18.
Nb5 h6 19. Bf4 Qf5 20. Nd6 Qxf4 21. Nxe8 Bxb2 22. Rb1 Bc3 23. Qe2 Qb8 24. Rc1 Bh8 25.
Nd2 Qf4 26. g3 Qd4 27. Qf3 Nxd3 28. Rd1 N7e5 29. Nf6+ Kg7 30. Nh5+ gxh5 31. Qe3 Qxe3 32.
fxe3 Ng4 33. Nf3 Nb2 34. Rd7 Nxa4 35. Rxb7 Nxe3 36. Ne5 Kf6 37. Nd7+ Ke6 38. Nf8+ Kd6 39. Rd7+ Kc6 40. Rxf7 Bd4 41. Kf2 Nc3 42. Kf3 Ncd1 43.
Ne6 Nxc4 44. Nxd4+ Kb6 0-1

[Event "Live Chess"]
[Site "Chess.com"]
[Date "2024.06.01"]
[Round "-"]
[White "AndrewBak1"]
[Black "oscalik"]
[Result "0-1"]
[WhiteElo "1829"]
[BlackElo "2340"]
[TimeControl "300"]
[EndTime "13:25:23 PDT"]
[Termination "oscalik won on time"]

1. e4 c5 2. Nf3 Nf6 3. Nc3 d5 4.
exd5 Nxd5 5. Bc4 e6 6. O-O Be7 7. d4 Nb6 8. Bb5+ Bd7 9. dxc5 Bxc5 10. Bxd7+ N8xd7 11. Ne4 O-O 12. Nxc5 Nxc5 13. Be3 Rc8 14. Ng5 h6 15. Nf3 Nca4 16. b3 Qxd1 17. Rfxd1 Nc3 18.
Rd3 Ncd5 19. c4 Nxe3 20. Rxe3 Rfd8 21. Ree1 a5 22. Red1 Kf8 23. Kf1 Ke7 24. Ke2 a4 25.
Rxd8 Rxd8 26. Rd1 Ra8 27. Nd4 axb3 28. axb3 Nd7 29. b4 Ra4 30. Rb1 Ne5 31. c5 Ra2+ 32.
Kf1 Nd3 33. Ne2 e5 34. f3 Rc2 35. Rd1 Nxb4 36. Ng3 Rxc5 37. Rb1 Rc4 38. Ne4 b6 39.
Nd2 Rd4 40. Nb3 Rd5 41. Rc1 Nd3 42. Rc7+ Rd7 43. Rc6 Rd6 44. Rc7+ Ke6 45. Nd2 Nc5 46. Nc4 Rd1+ 47. Ke2 Rb1 48. Rc6+ Kd5 49. Rxb6 Rh1 50.
Ne3+ Kd4 51. Rb4+ Kc3 52. Rc4+ Kb3 53. Rxc5 Rxh2 54. Rxe5 f6 55. Re7 g5 56. Re6 h5 57.
Rxf6 h4 58. Rg6 h3 59. Rxg5 hxg2 60. Rxg2 Rh8 61. Rg4 Kb2 62. Rd4 Kc3 63. Rd2 Kb4 64.
Rd3 Ka5 65. Nc2 Ka6 66. Rb3 Re8+ 67. Kd3 Rd8+ 68. Kc4 Rc8+ 69. Kb4 Rxc2 70. Ka3 Rf2 71. Rb4 Ka5 72. Rf4 Re2 73. Rf5+ Kb6 0-1

[Event "Live Chess"]
[Site "Chess.com"]
[Date "2024.06.01"]
[Round "-"]
[White "Tushinskiy"]
[Black "bobby_jamesFischer86"]
[Result "1-0"]
[WhiteElo "2267"]
[BlackElo "1614"]
[TimeControl "300"]
[EndTime "13:25:34 PDT"]
[Termination "Tushinskiy won by resignation"]

1. d4 d5 2. c3 c6 3. Nf3 Nf6 4. Bf4 e6 5. Bg3 Bd6 6. Nbd2 O-O 7. Qc2 Qc7 8. e4 dxe4 9. Nxe4 Nxe4 10. Qxe4 f5 11. Qc2 Nd7 12. Bc4 Nf6 13. O-O b5 14.
Bb3 a5 15. a3 Kh8 16. Rae1 Bxg3 17. fxg3 Ne4 18. Ne5 Bd7 19. Rf3 Rae8 20. Ref1 a4 21.
Ba2 Ng5 22. Rf4 Nf7 23. Nxf7+ Rxf7 24. g4 Ref8 25. gxf5 Rxf5 26. Rxf5 exf5 27. Qf2 f4 28. Qh4 Qd6 29. Bb1 h6 30. Be4 Qf6 31. Qf2 g5 32. Bf3 g4 33. Be4 f3 34. gxf3 gxf3 35.
Bxf3 Qg5+ 36. Qg2 Qxg2+ 37. Bxg2 Rxf1+ 38. Kxf1 Kg7 39. Kf2 Kf6 40. Ke3 h5 41. Kf4 Be8 42. Bf3 Kg6 43. Ke5 Kg5 44. Kd6 Kf4 45. Bxc6 Bxc6 46. Kxc6 Kg4 47. d5 Kh3 48. d6 Kxh2 49. d7 1-0